[Event "ICC tourney 2086 (3 2)"]
[Site "Internet Chess Club"]
[Date "2020.10.30"]
[Round "2"]
[White "drberkley"]
[Black "mangomaster"]
[Result "1-0"]
[ICCResult "Black resigns"]
[WhiteElo "1548"]
[BlackElo "1427"]
[Opening "Sicilian: closed"]
[ECO "B23"]
[NIC "SI.44"]
[Time "20:14:40"]
[TimeControl "180+2"]

1. e4 c5 2. Nc3 g6 3. f4 Nc6 4. Nf3 Bg7 5. Bb5 a6 6. Bxc6 bxc6 7. O-O d5 8.
d3 d4 9. Ne2 Bg4 10. Ng3 Bxf3 11. Qxf3 Nf6 12. f5 O-O 13. Bg5 h6 14. Bd2 e5
15. fxe6 fxe6 16. Qe2 e5 17. Rf2 Rb8 18. b3 Qd7 19. Raf1 Ng4 20. Rxf8+ Rxf8
21. Rxf8+ Kxf8 22. Qf3+ Kg8 23. h3 Nf6 24. Bxh6 Bxh6 25. Qxf6 Be3+ 26. Kh1
Qf7 27. Qxf7+ Kxf7 28. Nf1 Bf4 29. g3 Bh6 30. Kg2 Kf6 31. Kf3 Kg5 32. Nh2
Bg7 33. h4+ Kh6 34. Kg4 a5 35. Nf3 Kh7 36. Ng5+ Kg8 37. Ne6 Bf8 38. Nd8 Be7
39. Nxc6 Bf6 40. Nxa5 Kf7 41. Nc4 Ke7 42. a4 Kd7 43. a5 Kc7 44. h5 gxh5+ 45.
Kxh5 Kb7 46. g4 Ka6 47. Kg6 Bd8 48. Nxe5 Bxa5 49. Nc4 Bd8 50. g5 Bxg5 51.
Kxg5 Kb5 52. Kf6 Kb4 53. e5 Kc3 54. e6 Kxc2 55. e7 Kxd3 56. e8=Q Kc3 57. Na5
d3 58. Qe3 Kc2 59. Nc4 Kc3 60. Qd2+ Kd4 61. Nb2 Kd5 62. Qxd3+ Kc6 63. Qc4
Kb6 64. Nd3 Kc6 65. Qxc5+ {Black resigns} 1-0

[Event "ICC tourney 2086 (3 2)"]
[Site "Internet Chess Club"]
[Date "2020.10.30"]
[Round "2"]
[White "garfield92037"]
[Black "chessw23"]
[Result "0-1"]
[ICCResult "White checkmated"]
[WhiteElo "1389"]
[BlackElo "1649"]
[Opening "Four knights: symmetrical, Metger unpin"]
[ECO "C49"]
[NIC "KP.03"]
[Time "20:15:35"]
[TimeControl "180+2"]

1. e4 e5 2. Nf3 Nc6 3. Nc3 Nf6 4. Bb5 Bb4 5. O-O O-O 6. d3 d6 7. Bg5 Bxc3 8.
bxc3 Qe7 9. Re1 Nd8 10. d4 Ne6 11. Bh4 Nf4 12. Bd3 Ng6 13. Bg3 c5 14. Rb1
Bg4 15. d5 Nh5 16. h3 Bc8 17. Nxe5 Nxg3 18. Nxg6 fxg6 19. fxg3 Qf6 20. Qe2
Qxc3 21. Rf1 Qd4+ 22. Kh2 Rf6 23. Rxf6 gxf6 24. Rf1 b6 25. Qf3 Kg7 26. c3
Qxc3 27. Qe2 Qe5 28. Qe3 Bb7 29. Qf4 Re8 30. Rf2 a6 31. Qd2 b5 32. Rf1 c4
33. Bc2 Qb2 34. Qf2 Rf8 35. g4 Qe5+ 36. Kh1 Rf7 37. Qb6 Qb2 38. Qf2 Qxa2 39.
g5 Qb2 40. gxf6+ Qxf6 41. Qxf6+ Rxf6 42. Ra1 b4 43. Rb1 b3 44. Bxb3 cxb3 45.
Rxb3 Rf7 46. Rb6 Rd7 47. Kg1 Kf6 48. Kf2 Ke5 49. Ke3 a5 50. Rb5 a4 51. Rb2
Ba6 52. Ra2 Bb5 53. Rb2 Bc4 54. Rb4 Bb3 55. Rb6 Ra7 56. Rb8 a3 57. g4 Kf6
58. Rf8+ Kg7 59. Rf1 a2 60. Ra1 Rc7 61. Kd2 Rc2+ 62. Kd3 Rb2 63. Rc1 Rb1 64.
Rc7+ Kf6 65. h4 a1=Q 66. g5+ Ke5 67. Ke3 Re1+ 68. Kf3 Qd1+ 69. Kg3 Qd3+ 70.
Kf2 Re2+ 71. Kf1 Qd1# {White checkmated} 0-1

[Event "ICC tourney 2086 (3 2)"]
[Site "Internet Chess Club"]
[Date "2020.10.30"]
[Round "3"]
[White "msuarez"]
[Black "oxdidi"]
[Result "1-0"]
[ICCResult "Black checkmated"]
[WhiteElo "1320"]
[BlackElo "1098"]
[Opening "Giuoco Pianissimo"]
[ECO "C50"]
[NIC "IG.02"]
[Time "20:27:40"]
[TimeControl "180+2"]

1. e4 e5 2. Nf3 Nc6 3. Bc4 Bc5 4. d3 Nf6 5. Be3 Bxe3 6. fxe3 O-O 7. O-O d6
8. Bb3 Bg4 9. Qd2 Bxf3 10. Rxf3 Qd7 11. Nc3 a6 12. Raf1 h6 13. a3 Qe7 14.
Qf2 Rad8 15. Qg3 Rfe8 16. Rxf6 Kf8 17. Rxf7+ Qxf7 18. Rxf7+ Kg8 19. Qxg7#
{Black checkmated}
1-0

[Event "ICC tourney 2086 (3 2)"]
[Site "Internet Chess Club"]
[Date "2020.10.30"]
[Round "3"]
[White "Jeffchess"]
[Black "Priccchess"]
[Result "1-0"]
[ICCResult "Black checkmated"]
[WhiteElo "1413"]
[BlackElo "1473"]
[Opening "Philidor's defense"]
[ECO "C41"]
[NIC "KP.10"]
[Time "20:27:30"]
[TimeControl "180+2"]

1. e4 e5 2. Nf3 d6 3. Nc3 Nf6 4. h3 Be7 5. Bb5+ c6 6. Ba4 O-O 7. Bb3 Re8 8.
Ng5 d5 9. exd5 cxd5 10. d4 e4 11. O-O h6 12. Nxf7 Kxf7 13. Nxd5 Nxd5 14.
Qh5+ g6 15. Bxd5+ Kg7 16. Qxh6+ Kf6 17. Bg5+ Kf5 18. g4# {Black checkmated}
1-0

[Event "ICC tourney 2086 (3 2)"]
[Site "Internet Chess Club"]
[Date "2020.10.30"]
[Round "3"]
[White "mangomaster"]
[Black "Sherlockm7"]
[Result "1-0"]
[ICCResult "Black checkmated"]
[WhiteElo "1478"]
[BlackElo "1375"]
[Opening "Trompowsky attack (Ruth, Opocenský opening)"]
[ECO "A45"]
[NIC "QP.07"]
[Time "20:27:32"]
[TimeControl "180+2"]

1. d4 Nf6 2. Bg5 e6 3. Nd2 Be7 4. e4 d5 5. e5 Nfd7 6. Bxe7 Qxe7 7. f4 c5 8.
c3 Nc6 9. Nb3 cxd4 10. Nxd4 Nxd4 11. Qxd4 Nb6 12. Qd3 Bd7 13. Qg3 f5 14. h4
O-O-O 15. Nf3 h6 16. Rc1 Qc5 17. Qf2 Qxf2+ 18. Kxf2 Be8 19. c4 dxc4 20. Bxc4
Nxc4 21. Rxc4+ Kb8 22. Rhc1 Bh5 23. Nd4 Bf7 24. Rc7 Rxd4 25. Rxf7 Rxf4+ 26.
Ke3 Re4+ 27. Kf3 Rd8 28. Rcc7 Rd3+ 29. Kf2 Rf4+ 30. Ke2 Rdd4 31. Rxb7+ Kc8
32. Rxa7 Rfe4+ 33. Kf1 Rxe5 34. Ra8# {Black checkmated} 1-0

[Event "ICC tourney 2086 (3 2)"]
[Site "Internet Chess Club"]
[Date "2020.10.30"]
[Round "3"]
[White "stephenwilly"]
[Black "garfield92037"]
[Result "0-1"]
[ICCResult "White checkmated"]
[WhiteElo "1509"]
[BlackElo "1423"]
[Opening "Sicilian: Smith-Morra gambit"]
[ECO "B21"]
[NIC "SI.48"]
[Time "20:27:30"]
[TimeControl "180+2"]

1. e4 c5 2. d4 cxd4 3. c3 Nc6 4. cxd4 d5 5. exd5 Qxd5 6. Be3 e5 7. Nc3 Bb4
8. Nf3 Nf6 9. dxe5 Qxd1+ 10. Kxd1 Ng4 11. Nd5 Ba5 12. Be2 Be6 13. Nc3 Ngxe5
14. Nxe5 Nxe5 15. Kc2 O-O 16. Rad1 Rac8 17. Bd4 Nc6 18. Rhe1 Rfd8 19. Be3
Bxc3 20. bxc3 Nb4+ 21. Kb2 Nd5 22. c4 Nxe3 23. fxe3 Kf8 24. Rd3 Rxd3 25.
Bxd3 Bxc4 26. Rc1 Be6 27. Be4 Rxc1 28. Kxc1 b6 29. Kb2 g6 30. a3 Ke7 31. Kc3
Kd6 32. Kd4 f5 33. Bd3 Bd7 34. h3 h5 35. Kc4 h4 36. e4 fxe4 37. Bxe4 g5 38.
Kd4 a6 39. Bb7 a5 40. Kc4 Bc6 41. Ba6 Bxg2 42. Bc8 Bc6 43. Kd4 b5 44. Ke3
Bd7 45. Ba6 Kc5 46. Bb7 Bxh3 47. Be4 Be6 48. Kf3 g4+ 49. Kg2 b4 50. axb4+
Kxb4 51. Kf2 a4 52. Ke3 a3 53. Bb1 a2 54. Bxa2 Bxa2 55. Kf4 Be6 56. Ke3 h3
57. Kf2 Kc3 58. Kg3 Kd4 59. Kh2 Ke3 60. Kg3 Ke2 61. Kh2 Kf2 62. Kh1 Bd5+ 63.
Kh2 g3+ 64. Kxh3 g2 65. Kh4 g1=Q 66. Kh5 Bf7+ 67. Kh6 Qg6# {White
checkmated} 0-1

[Event "ICC tourney 2086 (3 2)"]
[Site "Internet Chess Club"]
[Date "2020.10.30"]
[Round "3"]
[White "Ani97829"]
[Black "blackjack721"]
[Result "1-0"]
[ICCResult "Black resigns"]
[WhiteElo "1370"]
[BlackElo "1287"]
[Opening "Queen's bishop game"]
[ECO "A45"]
[NIC "QP.07"]
[Time "20:27:30"]
[TimeControl "180+2"]

1. d4 Nf6 2. Bf4 d5 3. Nf3 e6 4. e3 Nbd7 5. Nbd2 a6 6. c4 Bb4 7. a3 Bd6 8.
Bg3 Ne4 9. Nxe4 dxe4 10. Nd2 f5 11. Be2 Nf6 12. Bxd6 Qxd6 13. h3 Bd7 14. O-O
g5 15. Bh5+ Ke7 16. Be2 Rag8 17. f3 h5 18. fxe4 Nxe4 19. Nxe4 fxe4 20. Bxh5
Rg7 21. Rf2 e5 22. dxe5 Qxe5 23. Qd5 Qxd5 24. cxd5 g4 25. Bxg4 Bxg4 26. hxg4
Rxg4 27. Raf1 Rgh4 28. Rf7+ Kd6 29. Kf2 Kxd5 30. Rxc7 Rf8+ 31. Ke2 Rxf1 32.
Kxf1 Rh1+ 33. Kf2 b5 34. Ra7 Rb1 35. Rxa6 Rxb2+ 36. Kg3 Kc4 37. Kf4 Kd3 38.
Rd6+ Kc4 39. g4 Rf2+ 40. Kxe4 Kb3 41. Rd3+ Ka4 42. g5 Rg2 43. Kf5 Rf2+ 44.
Kg6 Rf8 45. Kg7 Rf5 46. g6 Rg5 47. Kh7 Rh5+ 48. Kg8 Rg5 49. g7 Rg6 50. Kh7
Rg3 51. g8=Q Rxg8 52. Kxg8 b4 53. axb4 Kxb4 54. e4 Kc4 55. Rd1 Kc3 56. e5
Kc2 57. Rd8 Kc3 58. e6 Kc4 59. e7 Kc5 60. e8=Q {Black resigns} 1-0

[Event "ICC tourney 2086 (3 2)"]
[Site "Internet Chess Club"]
[Date "2020.10.30"]
[Round "3"]
[White "lucachesschess"]
[Black "MehPlayer"]
[Result "1-0"]
[ICCResult "Black forfeits on time"]
[WhiteElo "1418"]
[BlackElo "1569"]
[Opening "QGD: Ragozin variation"]
[ECO "D38"]
[NIC "NI.27"]
[Time "20:27:31"]
[TimeControl "180+2"]

1. d4 Nf6 2. c4 e6 3. Nf3 d5 4. Nc3 Bb4 5. Bf4 Nbd7 6. e3 c6 7. Qc2 O-O 8.
a3 Bxc3+ 9. bxc3 Ne4 10. Bd3 Ndf6 11. O-O a6 12. h4 b5 13. cxd5 cxd5 14. Ng5
Bb7 15. f3 Nd6 16. Nxh7 Nxh7 17. Bxh7+ Kh8 18. Bxd6 Qxd6 19. Bd3 f5 20. f4
Qe7 21. g3 Rac8 22. a4 b4 23. Kf2 Rxc3 24. Qd2 a5 25. Rh1 Rfc8 26. Rac1 Qc7
27. Rxc3 Qxc3 28. Qe2 Qc7 29. g4 Qf7 30. g5 Kg8 31. h5 {Black forfeits on
time} 1-0

[Event "ICC tourney 2086 (3 2)"]
[Site "Internet Chess Club"]
[Date "2020.10.30"]
[Round "3"]
[White "jthebest"]
[Black "Tombstone"]
[Result "0-1"]
[ICCResult "White checkmated"]
[WhiteElo "1187"]
[BlackElo "1667"]
[Opening "Sicilian"]
[ECO "B50"]
[NIC "SI.01"]
[Time "20:27:33"]
[TimeControl "180+2"]

1. e4 c5 2. Nf3 d6 3. Bc4 Nf6 4. d3 e6 5. a3 a6 6. O-O b5 7. Ba2 Bb7 8. Nc3
Be7 9. Be3 Nbd7 10. h4 Qc7 11. Qd2 O-O 12. Rfe1 d5 13. e5 Ng4 14. Bf4 d4 15.
Ne2 Bxf3 16. gxf3 Ngxe5 17. Ng3 Nxf3+ 18. Kg2 Qc6 19. Qe2 Nxe1+ 20. Kf1 Nf3
21. Ne4 Nxh4 22. Qg4 Ng6 23. Qg3 Bh4 24. Qh2 e5 25. Bd2 Nf6 26. Nxf6+ Qxf6
27. Re1 Rae8 28. Re4 Bg5 29. Bxg5 Qxg5 30. Bd5 Nf4 31. Ke1 Rd8 32. Bb3 Rd6
33. Ba2 Rh6 34. Qg3 Rh1+ 35. Kd2 Qxg3 36. fxg3 Rh2+ 37. Kd1 Ng6 38. Kc1 h6
39. Rg4 Kh7 40. Bd5 f5 41. Rxg6 Kxg6 42. Bf3 e4 43. dxe4 fxe4 44. Bxe4+ Kg5
45. g4 Rf1# {White checkmated} 0-1

[Event "ICC tourney 2086 (3 2)"]
[Site "Internet Chess Club"]
[Date "2020.10.30"]
[Round "3"]
[White "PearsonH"]
[Black "Jett503"]
[Result "1-0"]
[ICCResult "Black resigns"]
[WhiteElo "1453"]
[BlackElo "1230"]
[Opening "Queen's pawn, Mason variation"]
[ECO "D00"]
[NIC "QP.08"]
[Time "20:28:26"]
[TimeControl "180+2"]

1. d4 d5 2. Bf4 e6 3. e3 Nf6 4. Nd2 Be7 5. Bd3 O-O 6. c3 Nc6 7. h3 Bd6 8.
Bxd6 Qxd6 9. Ngf3 a6 10. O-O b5 11. e4 dxe4 12. Nxe4 Qe7 13. Nxf6+ Qxf6 14.
Re1 Bb7 15. Ne5 Nxe5 16. dxe5 Qg5 17. Be4 Bxe4 18. Rxe4 f5 19. exf6 Rxf6 20.
Qe2 Rg6 21. Rg4 Qf5 22. Rxg6 Qxg6 23. Re1 Re8 24. Qe5 Qf7 25. Re3 Qd7 26.
Rg3 g6 27. Qe2 c5 28. Rd3 Qc6 29. Qe5 c4 30. Rd6 Qc8 31. Qd4 Rf8 32. Rd7 Rf7
33. Rd8+ {Black resigns} 1-0

[Event "ICC tourney 2086 (3 2)"]
[Site "Internet Chess Club"]
[Date "2020.10.30"]
[Round "3"]
[White "ChessItUpIowa"]
[Black "yogokings12"]
[Result "1-0"]
[ICCResult "Black resigns"]
[WhiteElo "1692"]
[BlackElo "1575"]
[Opening "Trompowsky attack (Ruth, Opocenský opening)"]
[ECO "A45"]
[NIC "QP.07"]
[Time "20:27:34"]
[TimeControl "180+2"]

1. d4 Nf6 2. Bg5 Ne4 3. Bf4 d5 4. e3 c5 5. c3 Nc6 6. Nd2 Nxd2 7. Qxd2 Bf5 8.
Nf3 e6 9. Bd3 Bxd3 10. Qxd3 cxd4 11. exd4 Bd6 12. Bg3 h6 13. O-O Bxg3 14.
hxg3 O-O 15. Rfe1 Re8 16. Ne5 Qd6 17. f4 Nxe5 18. fxe5 Qc6 19. Rf1 Rac8 20.
Qf3 Rf8 21. Rf2 f6 22. Qe3 fxe5 23. Qxe5 Rxf2 24. Kxf2 Rf8+ 25. Kg1 Qd7 26.
Re1 Rf6 27. Qb8+ Kf7 28. Qxa7 Qc6 29. Qb8 Kg6 30. Qe5 Qc4 31. Qe2 Qxa2 32.
g4 Qb3 33. Qd3+ Kf7 34. Re2 b5 35. Qd2 Qc4 36. Kh2 Qc7+ 37. Kh3 Qf4 38. Qxf4
Rxf4 39. Kg3 Rf1 40. Kh4 Rh1+ 41. Kg3 Ke7 42. g5 hxg5 43. Kg4 Kf6 44. Rf2+
Kg6 45. Re2 Rh4+ 46. Kf3 Rf4+ 47. Kg3 Kf6 48. Re5 Re4 49. Rxe4 dxe4 50. b3
e5 51. d5 Kf5 52. c4 bxc4 53. bxc4 g6 54. c5 g4 55. c6 e3 56. c7 {Black
resigns} 1-0

[Event "ICC tourney 2086 (3 2)"]
[Site "Internet Chess Club"]
[Date "2020.10.30"]
[Round "3"]
[White "Purushottam123"]
[Black "javasri"]
[Result "0-1"]
[ICCResult "White forfeits on time"]
[WhiteElo "1340"]
[BlackElo "1700"]
[Opening "French: Winawer, advance, positional main line"]
[ECO "C19"]
[NIC "FR.13"]
[Time "20:27:34"]
[TimeControl "180+2"]

1. e4 e6 2. d4 d5 3. Nc3 Bb4 4. e5 Ne7 5. Nf3 c5 6. a3 Bxc3+ 7. bxc3 Nbc6 8.
Bd3 c4 9. Be2 O-O 10. O-O f6 11. Re1 fxe5 12. dxe5 Ng6 13. Bg5 Qc7 14. Bf1
Ngxe5 15. Nxe5 Nxe5 16. Qd4 Nc6 17. Qh4 e5 18. Rad1 Be6 19. Be2 h6 20. Be3
Rad8 21. Qg3 Kh8 22. Bh5 Rf6 23. Rd2 b6 24. Red1 Rdf8 25. Bf3 Rxf3 26. gxf3
Qf7 27. Kg2 Qf5 28. Kh1 Qxf3+ 29. Qxf3 Rxf3 30. Rg1 Bf5 31. Rg2 Be4 32. Kg1
Ne7 33. Rg3 Rf6 34. f3 Rxf3 35. Rxf3 Bxf3 36. Kf2 Be4 37. a4 g5 38. a5 bxa5
39. Bxa7 a4 40. Bc5 Nf5 41. Re2 Kg7 42. Ba3 Kf6 43. Bc5 h5 44. Rd2 g4 45.
Bb4 h4 46. Ba5 g3+ 47. hxg3 hxg3+ 48. Kg1 Kg5 49. Bd8+ Kf4 50. Bc7 a3 51.
Rd1 Bxc2 52. Ra1 Nh4 53. Rxa3 Be4 54. Ra2 Nf3+ 55. Kf1 Ke3
{White forfeits on time}
0-1

[Event "ICC tourney 2086 (3 2)"]
[Site "Internet Chess Club"]
[Date "2020.10.30"]
[Round "3"]
[White "Kinawa"]
[Black "atjn494"]
[Result "1/2-1/2"]
[ICCResult "Game drawn because neither player has mating material"]
[WhiteElo "1449"]
[BlackElo "1340"]
[Opening "Pirc: Austrian attack"]
[ECO "B06"]
[NIC "PU.06"]
[Time "20:27:31"]
[TimeControl "180+2"]

1. e4 g6 2. d4 Bg7 3. f4 d6 4. Nf3 Nf6 5. Nc3 O-O 6. h3 c5 7. d5 Qa5 8. Bd3
Nbd7 9. Bd2 Qb6 10. Be3 Qxb2 11. Ne2 Ne8 12. O-O Qxa1 13. Qxa1 Bxa1 14. Rxa1
a6 15. c4 Nb6 16. Rb1 Nd7 17. Nc3 Nef6 18. Na4 Rb8 19. e5 dxe5 20. fxe5 Ne8
21. Nxc5 Nxc5 22. Bxc5 Ng7 23. Bxe7 Re8 24. Bd6 Ra8 25. Bc7 Re7 26. d6 Re8
27. Be4 Ne6 28. Ba5 Rb8 29. Bc7 Nxc7 30. dxc7 Ra8 31. Bxb7 Bxb7 32. Rxb7
Rac8 33. Kf2 Re7 34. Ke3 Rexc7 35. Rxc7 Rxc7 36. Kd4 Kf8 37. c5 Ke7 38. Kc4
Ke6 39. Kb4 Rc6 40. Kc4 Rc8 41. a4 Rb8 42. c6 Rb1 43. Kc5 Rc1+ 44. Kb6 Rc4
45. c7 Kd7 46. Kxa6 Rxc7 47. Kb6 Rc2 48. a5 Rxg2 49. a6 Kc8 50. a7 Rb2+ 51.
Ka6 Ra2+ 52. Kb6 Ra3 53. Nd4 Ra4 54. Nc6 Ra1 55. Na5 Rb1+ 56. Ka6 Rb8 57.
axb8=Q+ Kxb8 58. Kb6 Kc8 59. Kc6 Kd8 60. Kd6 Ke8 61. Nc4 h5 62. Ne3 g5 63.
Kd5 Ke7 64. Ke4 Ke6 65. Nf5 g4 66. hxg4 hxg4 67. Kf4 f6 68. exf6 Kxf6 69.
Kxg4 {Game drawn because neither player has mating material} 1/2-1/2

[Event "ICC tourney 2086 (3 2)"]
[Site "Internet Chess Club"]
[Date "2020.10.30"]
[Round "3"]
[White "chessw23"]
[Black "drberkley"]
[Result "1-0"]
[ICCResult "Black forfeits on time"]
[WhiteElo "1660"]
[BlackElo "1537"]
[Opening "Pirc: Austrian attack, 6.Bd3"]
[ECO "B09"]
[NIC "PU.02"]
[Time "20:27:49"]
[TimeControl "180+2"]

1. e4 d6 2. d4 Nf6 3. Nc3 g6 4. f4 Bg7 5. Nf3 O-O 6. Bd3 Na6 7. O-O c5 8.
dxc5 Nxc5 9. Be3 Ng4 10. Bxc5 dxc5 11. Qd2 b6 12. h3 Nf6 13. Rad1 Bb7 14. e5
Nh5 15. g4 c4 16. Be4 Qxd2 17. Rxd2 Bxe4 18. Nxe4 Nxf4 19. Kh2 Rfd8 20. Rfd1
Rxd2+ 21. Rxd2 Ne6 22. Rd7 Bf8 23. Nfg5 Nxg5 24. Nxg5 h6 25. Ne4 e6 26. a4
Bg7 27. Nf6+ Bxf6 28. exf6 Kf8 29. Rc7 Ke8 30. Rxc4 Rd8 31. Rc7 Rd2+ 32. Kg3
a6 33. b3 b5 34. a5 Re2 35. Re7+ Kd8 36. Rxf7 Rxc2 37. Ra7 Rc3+ 38. Kf4 Rxb3
39. f7 Rb4+ 40. Ke5 {Black forfeits on time} 1-0

[Event "ICC tourney 2086 (3 2)"]
[Site "Internet Chess Club"]
[Date "2020.10.30"]
[Round "3"]
[White "saisiva765"]
[Black "chessrex"]
[Result "1-0"]
[ICCResult "Black checkmated"]
[WhiteElo "1756"]
[BlackElo "1835"]
[Opening "Queen's pawn: Charlick (Englund) gambit"]
[ECO "A40"]
[NIC "QO.17"]
[Time "20:27:34"]
[TimeControl "180+2"]

1. d4 e5 2. dxe5 Nc6 3. Nf3 Nge7 4. Nc3 h6 5. e4 g5 6. h3 Bg7 7. Bc4 Ng6 8.
Qd5 Ngxe5 9. Nxe5 Nxe5 10. Bb3 c6 11. Qd6 Qe7 12. Qxe7+ Kxe7 13. Be3 d6 14.
O-O-O Be6 15. f4 gxf4 16. Bxf4 Rad8 17. Ne2 Bxb3 18. axb3 Ng6 19. Be3 b6 20.
Nd4 Bxd4 21. Bxd4 Ne5 22. Rhf1 Rhg8 23. g4 c5 24. Bf2 f6 25. Bh4 Rg6 26. Rf5
Ke6 27. Rd5 Rd7 28. Rd1 b5 29. Rdf1 Rf7 30. Bg3 Nc6 31. Rd5 Rd7 32. Rfd1 Ne5
33. Bxe5 fxe5 34. b4 cxb4 35. Rxb5 Rf6 36. Rxb4 Rf3 37. Rb3 Rf2 38. Re3 Rc7
39. c3 a5 40. Red3 Rc6 41. R1d2 Rf1+ 42. Kc2 a4 43. Rg3 Rf4 44. Re2 Rc4 45.
g5 hxg5 46. Rxg5 Rcxe4 47. Rg6+ Kd7 48. Rd2 Ke7 49. Rgxd6 Rh4 50. Rd7+ Ke6
51. R7d6+ Ke7 52. Rd7+ Ke6 53. R2d6+ Kf5 54. Rf7+ Kg5 55. Rg7+ Kf4 56. Rf6+
Ke3 57. Rg3+ Ke2 58. Rd6 Kf2 59. Rgd3 Re2+ 60. Kd1 Re1+ 61. Kc2 Re2+ 62. Rd2
Rxh3 63. Rf6+ Ke3 64. Rxe2+ Kxe2 65. Re6 Rh5 66. c4 Ke3 67. c5 e4 68. c6
Rc5+ 69. Kd1 Kd3 70. Rd6+ Ke3 71. Re6 Kd3 72. Rd6+ Kc4 73. Kd2 Kb3 74. Ke3
Kxb2 75. Kxe4 a3 76. Kd4 a2 77. Kxc5 a1=Q 78. c7 Qa7+ 79. Kc6 Qa4+ 80. Kc5
Qc2+ 81. Kb6 Qf2+ 82. Kb7 Qf3+ 83. Rc6 Qf7 84. Ka7 Kb3 85. Kb8 Qf4 86. Kb7
Qf7 87. Ka6 Qf1+ 88. Kb7 Qf7 89. Kb8 Qf4 90. Ka8 Qa4+ 91. Kb7 Qe4 92. c8=Q
Kb4 93. Kb8 Kb5 94. Qb7+ Ka4 95. Ra6# {Black checkmated} 1-0

[Event "ICC tourney 2086 (3 2)"]
[Site "Internet Chess Club"]
[Date "2020.10.30"]
[Round "4"]
[White "yogokings12"]
[Black "lucachesschess"]
[Result "1-0"]
[ICCResult "Black checkmated"]
[WhiteElo "1582"]
[BlackElo "1403"]
[Opening "Sicilian: Nimzovich-Rossolimo attack (without ...d6)"]
[ECO "B30"]
[NIC "SI.31"]
[Time "20:41:13"]
[TimeControl "180+2"]

1. e4 c5 2. Nf3 Nc6 3. Bb5 d6 4. O-O g6 5. Re1 Bg7 6. c3 Nf6 7. d4 cxd4 8.
cxd4 a6 9. Bf1 Bg4 10. d5 Ne5 11. Nbd2 O-O 12. h3 Nxf3+ 13. Nxf3 Bd7 14. Qb3
b5 15. Bd2 Qb6 16. Be3 Qb8 17. Bd4 Bc8 18. Rac1 Nd7 19. Bxg7 Kxg7 20. Qc3+
Kg8 21. Nh2 Bb7 22. Ng4 Rc8 23. Nh6+ Kf8 24. Qh8# {Black checkmated} 1-0

[Event "ICC tourney 2086 (3 2)"]
[Site "Internet Chess Club"]
[Date "2020.10.30"]
[Round "4"]
[White "ama2024"]
[Black "stephenwilly"]
[Result "0-1"]
[ICCResult "White checkmated"]
[WhiteElo "1231"]
[BlackElo "1510"]
[Opening "Old Benoni defense"]
[ECO "B13"]
[NIC "OI.09"]
[Time "20:40:59"]
[TimeControl "180+2"]

1. d4 c5 2. e3 cxd4 3. exd4 d5 4. Bf4 Nc6 5. Nf3 Nf6 6. c3 Bf5 7. Bd3 Bxd3
8. Qxd3 e6 9. Nbd2 Bd6 10. Bg3 O-O 11. Ne5 Bxe5 12. dxe5 Nd7 13. f4 Nc5 14.
Qc2 Qb6 15. h4 d4 16. Bf2 Rfd8 17. cxd4 Nxd4 18. Qc3 Na4 19. Bxd4 Rxd4 20.
Qe3 Nxb2 21. Nf3 Qb4+ 22. Ke2 Re4 23. Qxe4 Qxe4+ 24. Kf2 Nd3+ 25. Kg3 Qxf4+
26. Kh3 Nf2# {White checkmated} 0-1

[Event "ICC tourney 2086 (3 2)"]
[Site "Internet Chess Club"]
[Date "2020.10.30"]
[Round "4"]
[White "Priccchess"]
[Black "Purushottam123"]
[Result "0-1"]
[ICCResult "White resigns"]
[WhiteElo "1459"]
[BlackElo "1378"]
[Opening "Sicilian: Kan, 5.Nc3"]
[ECO "B43"]
[NIC "SI.41"]
[Time "20:41:00"]
[TimeControl "180+2"]

1. e4 c5 2. Nf3 e6 3. d4 cxd4 4. Nxd4 a6 5. Nc3 Qc7 6. a3 Nf6 7. Be3 Nc6 8.
Bd3 g6 9. O-O Bg7 10. h3 O-O 11. Qd2 b6 12. Rad1 Bb7 13. f4 Rac8 14. e5 Nd5
15. Nxd5 exd5 16. c3 d6 17. exd6 Qxd6 18. Nxc6 Qxc6 19. Qf2 b5 20. Rfe1 Rfe8
21. Bd4 Re6 22. Bxg7 Kxg7 23. f5 Rxe1+ 24. Rxe1 Qf6 25. fxg6 hxg6 26. Qxf6+
Kxf6 27. Rf1+ Kg7 28. Re1 Rc7 29. Kf2 Kf6 30. Re3 Rd7 31. Rf3+ Kg7 32. Ke3
d4+ 33. cxd4 Bxf3 34. gxf3 Kf6 35. Be4 Ke6 36. d5+ Ke5 37. f4+ Kd6 38. Kd4
Re7 39. h4 f5 40. Bf3 Rh7 {White resigns} 0-1

[Event "ICC tourney 2086 (3 2)"]
[Site "Internet Chess Club"]
[Date "2020.10.30"]
[Round "4"]
[White "Sherlockm7"]
[Black "Ani97829"]
[Result "0-1"]
[ICCResult "White resigns"]
[WhiteElo "1331"]
[BlackElo "1414"]
[Opening "QGD: Marshall defense"]
[ECO "A50"]
[NIC "QP.07"]
[Time "20:40:59"]
[TimeControl "180+2"]

1. d4 Nf6 2. c4 d5 3. cxd5 Nxd5 4. e4 Nf6 5. Nc3 e6 6. Bg5 Be7 7. Nf3 O-O 8.
Be2 h6 9. Bh4 Bd7 10. O-O c5 11. dxc5 Bxc5 12. e5 g5 13. Bxg5 hxg5 14. exf6
Qxf6 15. Qxd7 Nxd7 16. Rad1 Rad8 17. Ne4 Qe7 18. Nexg5 Nb6 19. Rc1 Rd5 20.
Ne4 Bd6 21. Rc3 Rc8 22. Rfc1 Rxc3 23. Rxc3 Rh5 24. h3 Bb4 25. Rc4 Nxc4 26.
Bxc4 Rh4 27. Nxh4 Qxh4 28. Ng3 Qxc4 {White resigns} 0-1

[Event "ICC tourney 2086 (3 2)"]
[Site "Internet Chess Club"]
[Date "2020.10.30"]
[Round "4"]
[White "saisiva765"]
[Black "chessw23"]
[Result "1-0"]
[ICCResult "Black checkmated"]
[WhiteElo "1768"]
[BlackElo "1648"]
[Opening "Queen's pawn, Mason variation"]
[ECO "D00"]
[NIC "QP.08"]
[Time "20:41:01"]
[TimeControl "180+2"]

1. d4 d5 2. Bf4 Nf6 3. e3 e6 4. Nf3 Bd6 5. Bg3 O-O 6. Nbd2 c5 7. c3 Nc6 8.
Bd3 Re8 9. Ne5 Bxe5 10. dxe5 Nd7 11. f4 d4 12. exd4 cxd4 13. c4 Nc5 14. Ne4
Nxd3+ 15. Qxd3 Nb4 16. Qd2 Qa5 17. O-O Qb6 18. c5 Qb5 19. Nd6 Qxc5 20. Nxe8
d3+ 21. Kh1 Bd7 22. Nd6 Bc6 23. Rac1 Qd5 24. Rg1 Nxa2 25. Rcd1 Qb3 26. f5
Nb4 27. f6 Rd8 28. Qg5 Bxg2+ 29. Kxg2 Qd5+ 30. Kh3 g6 31. Qh6 Re8 32. Qg7#
{Black checkmated}
1-0

[Event "ICC tourney 2086 (3 2)"]
[Site "Internet Chess Club"]
[Date "2020.10.30"]
[Round "4"]
[White "chessrex"]
[Black "mangomaster"]
[Result "1-0"]
[ICCResult "Black resigns"]
[WhiteElo "1836"]
[BlackElo "1471"]
[Opening "French: Rubinstein variation"]
[ECO "C10"]
[NIC "FR.04"]
[Time "20:41:03"]
[TimeControl "180+2"]

1. d4 d5 2. e4 e6 3. Nc3 dxe4 4. f3 Bb4 5. a3 Bxc3+ 6. bxc3 exf3 7. Nxf3 Nf6
8. Bd3 Nc6 9. O-O Bd7 10. Rb1 Rb8 11. Bg5 h6 12. Bxf6 Qxf6 13. Ne5 Qe7 14.
Rxf7 Qxf7 15. Nxf7 Kxf7 16. Qh5+ Ke7 17. Qc5+ Ke8 18. Bg6+ Kd8 19. Rf1 Be8
20. Rf8 Rxf8 21. Qxf8 Kd7 22. Qxg7+ Ne7 23. Bxe8+ Rxe8 24. Qxh6 Rg8 25. h3
Nf5 26. Qf4 Rg3 27. Kh2 Rxc3 28. Qe4 c6 29. g4 Nd6 30. Qh7+ Kd8 31. g5 Ne8
32. Kg1 Rg3+ 33. Kf2 Rxg5 34. Qxb7 Rb5 35. Qxa7 Rb2 36. Qa4 Kc7 37. h4 Nf6
38. Kf3 Nd5 39. h5 Rb8 40. Qa7+ Rb7 41. Qc5 Rb8 42. c4 Rb3+ 43. Kf2 Nf4 44.
Qe5+ Kd7 45. Qxf4 Rb2+ 46. Kg3 Rb3+ 47. Kg4 Rxa3 48. h6 Ra8 49. Qf7+ Kd6 50.
h7 Rh8 51. Qg7 {Black resigns} 1-0

[Event "ICC tourney 2086 (3 2)"]
[Site "Internet Chess Club"]
[Date "2020.10.30"]
[Round "4"]
[White "javasri"]
[Black "ChessItUpIowa"]
[Result "0-1"]
[ICCResult "White resigns"]
[WhiteElo "1696"]
[BlackElo "1760"]
[Opening "Robatsch (modern) defense"]
[ECO "B06"]
[NIC "KF.05"]
[Time "20:41:03"]
[TimeControl "180+2"]

1. e4 g6 2. d4 Bg7 3. Nc3 d6 4. Be3 Nf6 5. f3 O-O 6. Qd2 Nbd7 7. Bh6 e5 8.
d5 Nxe4 9. Nxe4 Qh4+ 10. g3 Qxh6 11. Qxh6 Bxh6 12. c4 f5 13. Nc3 a6 14. Nge2
Nc5 15. Ng1 e4 16. f4 Bd7 17. h4 Rae8 18. Kd2 Bg7 19. Be2 e3+ 20. Kc2 Bxc3
21. Kxc3 Ne4+ 22. Kc2 Nxg3 23. Rh3 Nxe2 24. Nxe2 Re4 25. Kd3 Rfe8 26. Re1 b5
27. b3 bxc4+ 28. bxc4 c6 29. dxc6 Bxc6 30. h5 d5 31. hxg6 dxc4+ 32. Kc3 hxg6
33. Rg1 Kg7 34. Rhg3 R8e6 35. a3 Kf7 36. Nd4 Rd6 37. Nxc6 Rxc6 38. Re1 e2
39. Rg2 Rce6 40. Kd2 Kf6 41. Rgxe2 Rxe2+ 42. Rxe2 Rxe2+ 43. Kxe2 g5 44.
fxg5+ Kxg5 {White resigns} 0-1